 Dungeon Crawl Stone Soup version 0.31-a0-202-g547052bce9 (webtiles) character file.

Game seed: 5934410355987516899

118 qw the Skirmisher (level 4, -12/25 HPs)
             Began as a Deep Elf Hunter on June 26, 2023.
             Mangled by an ogre
             ... wielding a +0 giant spiked club
              (19 damage)
             ... on level 4 of the Dungeon.
             The game lasted 00:00:56 (1873 turns).

qw the Skirmisher (Deep Elf Hunter)                 Turns: 1873, Time: 00:00:57

Health: -12/25     AC:  7    Str: 10    XL:     4   Next: 72%
Magic:  6/6        EV: 11    Int: 14    God:
Gold:   120        SH:  0    Dex: 18    Spells: 3/3 levels left

rFire   . . .        Y - +0 shortbow
rCold   . . .        (shield currently unavailable)
rNeg    . . .        h - +0 ring mail
rPois   .            (helmet restricted)
rElec   .            (no cloak)
rCorr   .            (no gloves)
SInv    .            a - +1 pair of boots
Will    .....        (no amulet)
Stlth   +            (no ring)
HPRegen 0.24/turn    (no ring)
MPRegen 0.10/turn

%: no passive effects
@: no status effects
A: horns 1, deterioration 1
a: no special abilities


You were on level 4 of the Dungeon.
You visited 1 branch of the dungeon, and saw 4 of its levels.

You collected 120 gold pieces.


Innate Abilities, Weirdness & Mutations

You have a pair of small horns on your head.
Your body sometimes deteriorates upon taking damage.


   Skills:
 - Level 1.5 Fighting
 + Level 8.1 Ranged Weapons
 - Level 2.4 Dodging
 - Level 1.2 Stealth


You had 3 spell levels left.
You didn't know any spells.
Your spell library was empty.

Inventory:

Hand Weapons
 Y - a +0 shortbow (weapon)
Armour
 a - a +1 pair of boots (worn)
 h - a +0 ring mail (worn)
Potions
 b - a potion of brilliance {unknown}
 e - a potion of enlightenment {unknown}
 f - a potion of mutation

Dungeon Overview and Level Annotations

Branches:
Dungeon (4/15)
 Temple: D:4-7

Altars:
Sif Muna
Wu Jian

Shops:
D:2 [


Message History

The endoplasm is lightly wounded.
You shoot an arrow. The arrow hits the endoplasm!
You kill the endoplasm!
A ball python comes into view.
The ball python hisses angrily.
You shoot an arrow. The arrow hits the ball python.
The ball python is heavily wounded.
You shoot an arrow. The arrow hits the ball python.
You kill the ball python!
You feel your strength returning.
A goblin comes into view.
It is wielding a +2 dagger of electrocution.
The goblin shouts!
You shoot an arrow. The arrow hits the goblin.
You kill the goblin!
c - a scroll of enchant armour
1865 ||| READING scroll of enchant armour.
As you read the scroll of enchant armour, it crumbles to dust.
Your +0 pair of boots glows green for a moment.
1865 ||| ENCHANTING +0 pair of boots.
An ogre comes into view. It is wielding a +0 giant spiked club.
The ogre shouts!
You shoot an arrow. The arrow barely misses the ogre.
You shoot an arrow.
The arrow hits the ogre but does no damage.
You shoot an arrow. The arrow hits the ogre.
The ogre is lightly wounded.
You shoot an arrow.
The arrow hits the ogre but does no damage.
The ogre is lightly wounded.
You shoot an arrow. The arrow hits the ogre.
The ogre is moderately wounded.
The ogre hits you with a +0 giant spiked club!!
Ouch! That really hurt!
You shoot an arrow. The arrow hits the ogre.
The ogre is moderately wounded.
You shoot an arrow. The arrow hits the ogre.
The ogre is heavily wounded.
The ogre hits you with a +0 giant spiked club!!
Ouch! That really hurt!
You die...

#....).#.... #.#
#......#.>.
....##......#...
#....<....#######!
#................#
##..##.....%...###
#....#...........=
.... #.............
#.... #....@........
###........O........
##.###............ #
#........#.#..
#...)...#### .
#........#
#........#
##.......#


You could see an ogre.

Vanquished Creatures
  2 adders
  A worm (D:2)
  4 orcs (D:3)
  7 bats
  6 endoplasms
  2 giant cockroaches
  6 goblins
  11 hobgoblins
  11 jackals
  12 kobolds
  4 quokkas
  9 ball pythons
  A frilled lizard (D:2)
  7 rats
83 creatures vanquished.

Notes
Turn   | Place    | Note
-------+----------+-------------------------------------------
     0 | D:1      | qw the Deep Elf Hunter began the quest for the Orb.
     0 | D:1      | Reached XP level 1. HP: 12/12 MP: 3/3
     0 | D:1      | 0 ||| qw: Version: 0.3-a-22-g0ed2b0b
     0 | D:1      | 0 ||| qw: Game counter: 6245
     0 | D:1      | 0 ||| qw: Melee chars always use a shield: true
     0 | D:1      | 0 ||| qw: God list: Okawaru
     0 | D:1      | 0 ||| qw: Allow faded altars: false
     0 | D:1      | 0 ||| qw: Do Orc after clearing Dungeon:15 true
     0 | D:1      | 0 ||| qw: Do second Lair branch before Depths: true
     0 | D:1      | 0 ||| qw: Lair rune preference: random
     0 | D:1      | 0 ||| qw: Goals: Normal
     0 | D:1      | 0 ||| PLANNING D:1-11
    73 | D:1      | Reached skill level 6 in Ranged Weapons
    73 | D:1      | Reached XP level 2. HP: 16/16 MP: 4/4
   330 | D:1      | Reached XP level 3. HP: 20/20 MP: 5/5
   380 | D:1      | 380 ||| FLEEEEING.
   381 | D:1      | 381 ||| FLEEEEING.
   382 | D:1      | 382 ||| FLEEEEING.
   383 | D:1      | 383 ||| FLEEEEING.
   633 | D:1      | 633 ||| UPGRADING to +0 helmet.
   638 | D:1      | 638 ||| READING scroll labelled AWNOHO WAISTI.
   639 | D:1      | 639 ||| DROPPING scroll of butterflies.
   699 | D:2      | Reached skill level 7 in Ranged Weapons
   809 | D:2      | Reached XP level 4. HP: 25/25 MP: 6/6
   935 | D:2      | Found Ynin's Armour Shoppe.
   944 | D:2      | 944 ||| SHOPLISTING +0 ring mail (40 gold, have 7).
   944 | D:2      | 944 ||| SHOPLISTING +2 ring mail of poison resistance (180
                  | gold, have 7).
  1130 | D:2      | 1130 ||| UPGRADING to +0 pair of boots.
  1135 | D:2      | 1135 ||| READING scroll labelled NYFAQA AMODGHU.
  1140 | D:2      | 1140 ||| READING scroll labelled INELIM HUITO.
  1141 | D:2      | 1141 ||| DRINKING 2 metallic amethyst potions.
  1141 | D:2      | Gained mutation: You have a pair of small horns on your
                  | head. [potion of mutation]
  1141 | D:2      | Gained mutation: Your body sometimes deteriorates upon
                  | taking damage. [potion of mutation]
  1142 | D:2      | 1142 ||| DROPPING +0 helmet.
  1259 | D:3      | Identified the +1 robe of Marbles {Str+4}
  1389 | D:3      | Found an ornate altar of the Wu Jian Council.
  1591 | D:3      | Identified the +0 trident of the Little People {heavy,
                  | rCorr Str+2 Int+2 Dex+2}
  1596 | D:3      | Reached skill level 8 in Ranged Weapons
  1611 | D:3      | Found a shimmering blue altar of Sif Muna.
  1766 | D:3      | 1766 ||| UPGRADING to +1 robe of Marbles {Str+4}.
  1776 | D:3      | 1776 ||| DROPPING +0 leather armour.
  1777 | D:3      | 1777 ||| UPGRADING to +0 ring mail.
  1787 | D:3      | 1787 ||| DROPPING +1 robe of Marbles {Str+4}.
  1788 | D:3      | 1788 ||| READING scroll labelled CUNIZU GANIDDO.
  1789 | D:3      | 1789 ||| DRINKING 2 cyan potions.
  1790 | D:3      | 1790 ||| DRINKING 2 viscous sapphire potions.
  1811 | D:3      | 1811 ||| DROPPING potion of magic.
  1812 | D:3      | 1812 ||| DROPPING potion of lignification.
  1865 | D:4      | 1865 ||| READING scroll of enchant armour.
  1865 | D:4      | 1865 ||| ENCHANTING +0 pair of boots.
  1866 | D:4      | Noticed an ogre
  1871 | D:4      | HP: 6/25 [ogre/+0 giant spiked club (19)]
  1873 | D:4      | Mangled by an ogre

Levels and vault maps discovered:
D:1:      lemuel_arrival_muddy, layout_rooms, nicolae_figureground_sparkle
D:2:      layout_rooms, serial_shops, nicolae_diamond_shop
D:3:      layout_loops_ring, pdpol_wu_jian_five_deadly_venoms,
          nicolae_sif_muna_little_library, uniq_crazy_yiuf_cottage
D:4:      layout_cave_pools, minmay_overflow_temple_star_quad,
          marbit_many_paths, serial_shops, nicolae_take_the_stairs,
          uniq_blork_the_orc

Skill      XL: |  1  2  3  4 |
---------------+-------------+-----
Ranged Weapons | 6 7 8 |  8.1
Fighting       | |  1.5
Dodging        | |  2.4
Stealth        | |  1.2

Action                     |  1- 3 |  4- 6 || total
---------------------------+-------+-------++-------
   Fire: Shortbow          |   132 |    84 ||   216
    Use: Scroll            |     1 |     4 ||     5
         Potion            |       |     3 ||     3
 Armour: Leather armour    |    10 |    19 ||    29
  Dodge: Dodged            |    32 |    25 ||    57

Table legend:
 A = Non-vault XP
 B = Vault XP
 C = Vault XP percentage of total XP
 D = Non-vault monster count
 E = Vault monster count
 F = Vault count percentage of total count
                 A         B        C        D         E       F
            +---------+---------+-------+---------+---------+-------
      Total |     169 |       0 |   0.0 |      83 |       0 |   0.0
            +---------+---------+-------+---------+---------+-------
        D:1 |      56 |       0 |   0.0 |      33 |       0 |   0.0
        D:2 |      53 |       0 |   0.0 |      22 |       0 |   0.0
        D:3 |      51 |       0 |   0.0 |      23 |       0 |   0.0
        D:4 |       9 |       0 |   0.0 |       5 |       0 |   0.0
            +---------+---------+-------+---------+---------+-------
